 Dungeon Crawl Stone Soup version 0.22-a0-110-g5b255cf (webtiles) character file.

129110 tilp the Destroyer (level 16, -13/139 HPs)
             Began as a Pale Draconian Conjurer on Jan 26, 2018.
             Was a High Priest of Vehumet.
             Killed from afar by a nagaraja (33 damage)
             ... with a bolt of poison
             ... on level 1 of the Snake Pit on Jan 27, 2018.
             The game lasted 02:43:33 (52058 turns).

tilp the Destroyer (Pale Draconian Conjurer)       Turns: 52058, Time: 02:43:34

Health: -13/139    AC: 18    Str: 10    XL:     16   Next: 49%
Magic:  20/32      EV: 16    Int: 23    God:    Vehumet [*****.]
Gold:   1386       SH:  5    Dex: 12    Spells: 6/39 levels left

rFire    + . .     SeeInvis .   b - +7 captain's cutlass {speed, disarm}
rCold    x . .     Gourm    .   O - +0 buckler
rNeg     . . .     Faith    .   (armour unavailable)
rPois    .         Spirit   .   (helmet restricted)
rElec    .         Reflect  .   j - +2 cloak
rCorr    .         Harm     .   C - +2 pair of gloves
MR       +....                  o - +2 pair of boots
Stlth    +++.......             (no amulet)
HPRegen  0.33/turn              r - ring of wizardry
MPRegen  0.23/turn              A - ring of fire

@: lethally poisoned (-13 -> -34)
A: breathe steam, unfitting armour, cold-blooded, AC +9
a: Breathe Steam, Renounce Religion


You were on level 1 of the Snake Pit.
You worshipped Vehumet.
Vehumet was extremely pleased with you.
You were not hungry.

You visited 6 branches of the dungeon, and saw 28 of its levels.
You also visited: Ice Cave.

You collected 2109 gold pieces.
You spent 723 gold pieces at shops.

Inventory:

Hand Weapons
 b - the +7 captain's cutlass (weapon) {speed, disarm}
   (You bought it in a shop on level 8 of the Dungeon)

   Attacks with this weapon are significantly faster.
Missiles
 F - 9 javelins (quivered)
Armour
 j - a +2 cloak (worn)
 o - a +2 pair of boots (worn)
 C - a +2 pair of gloves (worn)
 O - a +0 buckler (worn)
 S - a scarf of cloud immunity
Magical Staves
 a - an uncursed staff of conjuration
Jewellery
 r - a ring of wizardry (left hand)
 A - a ring of fire (right hand)
 Q - an uncursed ring of positive energy
 W - an uncursed ring of protection from cold
 X - an uncursed ring of protection from cold
Wands
 e - a wand of polymorph (17)
 f - a wand of acid (28)
 i - a wand of enslavement (55)
 n - a wand of disintegration (10)
 s - a wand of paralysis (12)
 J - a wand of clouds (5)
Scrolls
 k - 2 scrolls of fog
 l - 11 scrolls of remove curse
 q - 7 scrolls of teleportation
 v - 3 scrolls of fear
 w - 3 scrolls of identify
 x - a scroll of magic mapping
 y - 2 scrolls of amnesia
 M - 7 scrolls of enchant weapon
 U - 2 scrolls of silence
 V - 3 scrolls of immolation
Potions
 c - 3 potions of curing
 g - 8 potions of lignification
 h - 2 potions of invisibility
 m - 2 potions of flight
 p - 3 potions of haste
 u - 4 potions of brilliance
 z - a potion of agility
 B - a potion of resistance
 E - 2 potions of berserk rage
 H - 2 potions of magic
 K - a potion of might
 N - 2 potions of mutation
Miscellaneous
 d - a fan of gales
 Y - a phantom mirror
Comestibles
 t - 2 chunks of flesh
 T - 12 rations


   Skills:
 - Level 12.0 Fighting
 - Level 14.0 Short Blades
 - Level 8.0 Dodging
 - Level 4.3 Stealth
 - Level 4.0 Shields
 - Level 12.0 Spellcasting
 + Level 14.9 Conjurations
 - Level 6.1 Fire Magic
 - Level 4.0 Ice Magic
 - Level 4.0 Air Magic
 - Level 4.0 Earth Magic
 - Level 6.2 Evocations


You had 6 spell levels left.
You knew the following spells:

 Your Spells              Type           Power        Failure   Level  Hunger
a - Magic Dart            Conj           ####         0%          1    None
b - Searing Ray           Conj           ######       0%          2    None
c - Iron Shot             Conj/Erth      ######....   1%          6    #####..
d - Blink                 Tloc           N/A          2%          2    None
e - Fireball              Conj/Fire      #######...   1%          5    ####...
f - Mephitic Cloud        Conj/Pois/Air  #####...     1%          3    None
g - Conjure Flame         Conj/Fire      #######.     1%          3    None
h - Lightning Bolt        Conj/Air       ######....   1%          5    ####...
i - Freezing Cloud        Conj/Ice/Air   #####.....   3%          6    #####..


Dungeon Overview and Level Annotations

Branches:
Dungeon (15/15)            Temple (1/1) D:7            Lair (6/6) D:9
  Swamp (3/4) Lair:3        Snake (1/4) Lair:3        Slime (0/5) Lair:5
    Orc (2/2) D:9             Elf (0/3) Orc:2        Vaults (0/5) D:13
 Depths (0/5) D:15

Altars:
Ashenzari
Cheibriados
Dithmenos
Elyvilon
Fedhas
Gozag
Hepliaklqana
Kikubaaqudgha
Makhleb
Nemelex Xobeh
Okawaru
Qazlal
Ru
Sif Muna
Trog
Uskayaw
Vehumet
Wu Jian
Xom
Yredelemnul
Zin
The Shining One
Beogh

Shops:
D:8 (   D:9 }   Orc:2 ([:*

Annotations:
D:3 wazuzu's ghost, amateur DrWz
D:4 nono's ghost, amateur OgFi
D:8 KristoblXynda's ghost, novice SpSk
D:9 exclusions: obsidian statue and orange crystal statue
Orc:1 Gastronok
Orc:2 exclusion: upstairs


Innate Abilities, Weirdness & Mutations

You can breathe blasts of scalding, opaque steam.
Your pale cyan-grey scales are hard. (AC +9)
You cannot fit into any form of body armour.
You are cold-blooded and may be slowed by cold attacks.


Message History

The anaconda is lightly wounded.
You feel sick.
You are no longer poisoned.
You hear a shout! x2
You block the nagaraja's attack. The nagaraja grabs you.
The nagaraja constricts you.
You escape the nagaraja's grasp.
You see here a black mamba corpse.
The nagaraja gestures at you while chanting.
The orb of energy hits you!
* * * LOW HITPOINT WARNING * * *
The nagaraja spits poison at you. The splash of poison hits you!
You are poisoned.
* * * LOW HITPOINT WARNING * * *
You feel sick.
The nagaraja gestures at you while chanting.
The bolt of poison hits you!
You are lethally poisoned!
You die...

**,,,,** ****#..#********
**,...** #..# **.%?.* #S.#
**..>##* #.## **.$..#*
#..# **#...## ##N#
*#.#.########..####*******
#......##..†.....#,**,,,,
*#......@.........#***,,,
##...............# *,,,
################# ****


You could see a nagaraja.

Vanquished Creatures
  2 thorn hunters
  Donald (Swamp:3)
  A frost giant (IceCv)
  An orc warlord (Orc:2)
  Josephine (Lair:6)
  Snorg (Lair:6)
  A fire dragon (Lair:6)
  4 vault guards (D:13)
  2 rakshasas (D:15)
  2 ghost crabs (Swamp:3)
  12 hydras
  2 centaur warriors (D:14)
  An anaconda (Snake:1)
  A catoblepas (D:14)
  13 death yaks
  An ogre mage (D:15)
  10 two-headed ogres
  5 alligators
  A tengu warrior (D:13)
  An orc high priest (Orc:2)
  Urug (D:9)
  A shock serpent (Snake:1)
  3 skeletal warriors (D:15)
  A swamp dragon (Swamp:2)
  An unseen horror (D:14)
  A glowing orange brain (D:15)
  4 shambling mangroves
  2 lindwurms
  5 orc knights
  A mana viper (Snake:1)
  5 ugly things
  2 deep elf magi
  3 oklob plants
  A manticore (D:10)
  A cyclops (D:14)
  2 orc sorcerers (Orc:2)
  2 centaur zombies (D:12)
  5 elephants (Lair:6)
  9 black mambas
  Maurice (D:9)
  An ice statue (IceCv)
  A torpor snail (Lair:4)
  20 spiny frogs
  2 naga magi (Snake:1)
  3 molten gargoyles (Lair:6)
  2 gargoyles
  2 kobold demonologists
  A komodo dragon (shapeshifter) (D:15)
  A yaktaur (Swamp:1)
  5 rime drakes
  11 komodo dragons
  2 tengu conjurers (D:13)
  A wolf spider simulacrum (D:15)
  11 polar bears
  8 hornets
  6 trolls
  5 tyrant leeches
  20 blink frogs
  22 slime creatures
  A raiju (shapeshifter) (D:15)
  5 dream sheep (Lair:4)
  3 hippogriffs
  3 bog bodies
  5 shadows
  A spriggan (Swamp:3)
  48 yaks
  6 wyverns
  2 centaur simulacra
  Eustachio (D:6)
  5 wraiths
  A basilisk (D:14)
  2 steam dragons (Lair:6)
  2 hungry ghosts
  17 vampire mosquitoes
  Menkaure (D:7)
  21 swamp worms
  2 wargs (Orc:2)
  3 nagas (Lair:3)
  13 water moccasins
  A soldier ant (D:11)
  Duvessa (D:5)
  4 hell hounds
  6 porcupines
  4 swamp drakes
  3 phantoms
  29 orc warriors
  3 ice beasts
  2 hornet zombies
  4 sky beasts
  A black bear (D:9)
  2 eyes of draining
  13 ogres
  26 wolves
  8 centaurs
  11 crocodiles
  A big kobold (D:12)
  8 bullfrogs
  A wyvern zombie (D:10)
  2 gnoll sergeants
  Dowan (D:5)
  3 scorpions
  9 killer bees
  An oklob sapling (D:7)
  3 howler monkeys
  9 wights
  5 jellies
  5 lava snakes (Lair:6)
  A quasit (D:11)
  5 crimson imps
  A bullfrog zombie (D:9)
  17 orc priests
  A gnoll shaman (D:5)
  2 bullfrog skeletons
  9 hounds
  26 orc wizards
  5 centaur skeletons
  Jessica (D:2)
  7 iguanas
  10 worker ants
  Robin (D:3)
  21 gnolls
  A howler monkey skeleton (D:5)
  15 adders
  3 shadow imps
  14 white imps
  An ufetubus (D:10)
  3 oozes (Lair:5)
  3 adder zombies
  2 adder skeletons
  5 worms
  A dart slug (D:2)
  8 leopard geckos
  75 orcs
  5 giant cockroaches
  11 hobgoblins
  8 jackals
  7 kobolds
  4 quokkas
  A ball python (D:2)
  5 bats
  2 frilled lizards
  11 goblins
  11 rats
  3 plants
852 creatures vanquished.

Vanquished Creatures (others)
  A swamp drake (Swamp:1)
  7 bushes
  A fulminant prism (Lair:4)
  29 fungi
  19 plants
57 creatures vanquished.

Grand Total: 909 creatures vanquished

Notes
Turn   | Place    | Note
-------+----------+-------------------------------------------
     0 | D:1      | tilp the Draconian Conjurer began the quest for the Orb.
     0 | D:1      | Reached XP level 1. HP: 14/14 MP: 3/3
   393 | D:1      | Reached XP level 2. HP: 11/20 MP: 0/5
   397 | D:1      | Learned a level 2 spell: Searing Ray
  1441 | D:2      | Reached skill level 5 in Conjurations
  1441 | D:2      | Reached XP level 3. HP: 21/26 MP: 1/6
  2117 | D:2      | Noticed Jessica
  2610 | D:3      | Noticed wazuzu's ghost (amateur DrWz)
  2799 | D:3      | Reached XP level 4. HP: 33/33 MP: 4/7
  3019 | D:3      | Found an ornate altar of the Wu Jian Council.
  3128 | D:3      | Noticed Robin
  3232 | D:3      | Killed Robin
  3863 | D:3      | Reached XP level 5. HP: 38/38 MP: 2/8
  4356 | D:2      | Killed Jessica
  4869 | D:4      | Noticed an ogre
  4880 | D:4      | Killed an ogre
  4880 | D:4      | Reached XP level 6. HP: 45/45 MP: 0/9
  5205 | D:4      | Learned a level 4 spell: Iskenderun's Mystic Blast
  5474 | D:4      | Noticed nono's ghost (amateur OgFi)
  5618 | D:4      | Found a bloodstained altar of Trog.
  5977 | D:5      | Entered Level 5 of the Dungeon
  5977 | D:5      | Noticed an ice beast
  5987 | D:5      | Killed an ice beast
  5987 | D:5      | Your scales start taking on a pale cyan-grey colour.
  5987 | D:5      | Reached XP level 7. HP: 38/50 MP: 1/10
  6991 | D:5      | Found a sacrificial altar of Ru.
  7293 | D:5      | Reached skill level 10 in Conjurations
  7352 | D:5      | Noticed Dowan
  7354 | D:5      | Noticed Duvessa
  7356 | D:5      | Killed Dowan
  7356 | D:5      | Reached XP level 8. HP: 57/57 MP: 6/11
  7393 | D:5      | Killed Duvessa
  8191 | D:6      | Noticed Eustachio
  9892 | D:6      | Killed Eustachio
  9892 | D:6      | Reached XP level 9. HP: 58/62 MP: 3/12
  9993 | D:7      | Noticed Menkaure
  9997 | D:7      | Killed Menkaure
 10313 | D:7      | Found a white marble altar of Elyvilon.
 10318 | D:7      | Found a glowing silver altar of Zin.
 10323 | D:7      | Found a sparkling altar of Nemelex Xobeh.
 10871 | D:7      | Found a staircase to the Ecumenical Temple.
 11086 | Temple   | Entered the Ecumenical Temple
 11323 | Temple   | Became a worshipper of Vehumet
 11363 | D:8      | Noticed KristoblXynda's ghost (novice SpSk)
 11649 | D:8      | Found Geirenex's Weapon Boutique.
 11964 | D:8      | Found an iron altar of Okawaru.
 11971 | D:8      | Reached skill level 5 in Spellcasting
 12438 | D:9      | Noticed an orange crystal statue
 12456 | D:9      | Reached skill level 1 in Fighting
 12505 | D:9      | Found a staircase to the Lair.
 12521 | D:9      | HP: 3/67 [gnoll/halberd (10)]
 12848 | D:9      | Learned a level 4 spell: Fulminant Prism
 13067 | D:9      | Reached * piety under Vehumet
 13067 | D:9      | Offered knowledge of Sandblast by Vehumet.
 13209 | D:9      | Found a basalt altar of Yredelemnul.
 13286 | D:9      | Reached XP level 10. HP: 80/80 MP: 15/19
 13329 | D:9      | Found a hide-covered altar of Uskayaw.
 13407 | D:9      | Found a staircase to the Orcish Mines.
 13435 | D:9      | Noticed an obsidian statue
 13461 | D:9      | Reached skill level 5 in Fighting
 13706 | D:9      | Found Ywka Oto's Gadget Shop.
 13754 | D:9      | Noticed a cyan ugly thing
 13755 | D:9      | Upgraded the game from 0.22-a0-109-gbeb7240 to 0.22-a0-110-g5b255cf
 13776 | D:9      | Killed a cyan ugly thing
 14550 | D:9      | Got a translucent buckler
 14663 | D:9      | Identified the +2 buckler of Fuadugh {*Slow +Inv rC+++ MR-} (You took it off an orc wizard on level 9 of the Dungeon)
 14700 | D:10     | Entered Level 10 of the Dungeon
 14878 | D:10     | Reached skill level 5 in Dodging
 15400 | D:10     | Reached ** piety under Vehumet
 15487 | D:10     | Offered knowledge of Freeze by Vehumet.
 15811 | D:10     | Noticed a manticore
 15819 | D:10     | Killed a manticore
 16533 | Lair:1   | Entered Level 1 of the Lair of Beasts
 16650 | Lair:1   | Noticed a spiny frog
 16656 | Lair:1   | Killed a spiny frog
 16656 | Lair:1   | Reached XP level 11. HP: 91/91 MP: 16/20
 16828 | Lair:1   | Offered knowledge of Ignite Poison by Vehumet.
 16834 | Lair:1   | Reached skill level 1 in Evocations
 17287 | Lair:1   | Reached *** piety under Vehumet
 17573 | Lair:1   | Reached skill level 1 in Short Blades
 18595 | Lair:2   | Noticed a death yak
 19052 | Lair:2   | Noticed a death yak
 19165 | Lair:3   | Learned a level 3 spell: Conjure Flame
 19169 | Lair:3   | Learned a level 3 spell: Mephitic Cloud
 19171 | Lair:3   | Learned a level 1 spell: Confusing Touch
 19192 | Lair:3   | Found a staircase to the Snake Pit.
 19372 | D:8      | Bought the +7 captain's cutlass {speed, disarm} for 648 gold pieces
 19372 | D:8      | Found the +7 captain's cutlass {speed, disarm}
 20239 | Lair:3   | Found a staircase to the Swamp.
 20468 | Lair:3   | Noticed an oklob plant
 21038 | Lair:4   | Offered knowledge of Stone Arrow by Vehumet.
 21045 | Lair:4   | Reached XP level 12. HP: 86/102 MP: 5/24
 21216 | Lair:4   | You fall through a shaft!
 21375 | Lair:4   | Reached skill level 5 in Short Blades
 21535 | Lair:4   | Learned a level 5 spell: Lightning Bolt
 22121 | Lair:5   | Reached **** piety under Vehumet
 22242 | Lair:5   | Offered knowledge of Fireball by Vehumet.
 22250 | Lair:5   | Learned a level 5 spell: Fireball
 22265 | Lair:5   | Learned a level 3 spell: Conjure Flame
 22970 | Lair:5   | Found a staircase to the Slime Pits.
 23078 | Lair:5   | Noticed a death yak
 23079 | Lair:5   | Noticed a death yak
 23113 | Lair:5   | Killed a death yak
 23113 | Lair:5   | Reached skill level 10 in Short Blades
 23282 | Lair:5   | Noticed a death yak
 23287 | Lair:5   | Noticed a death yak
 23295 | Lair:5   | Killed a death yak
 23456 | Lair:5   | Noticed a catoblepas
 24188 | Orc:1    | Entered Level 1 of the Orcish Mines
 24188 | Orc:1    | Noticed Maurice
 24251 | D:9      | Killed Maurice
 24445 | Orc:1    | Noticed Urug
 25016 | D:9      | Killed Urug
 25434 | Orc:2    | Entered Level 2 of the Orcish Mines
 25478 | Orc:1    | Reached XP level 13. HP: 94/107 MP: 14/25
 25531 | Orc:1    | Noticed Gastronok
 25635 | Orc:2    | Found a staircase to the Elven Halls.
 26080 | Orc:2    | Found a roughly hewn altar of Beogh.
 26461 | Orc:2    | Reached ***** piety under Vehumet
 26578 | Orc:2    | Offered knowledge of Spellforged Servitor by Vehumet.
 27668 | Orc:2    | Noticed an orc warlord
 27842 | Orc:2    | Killed an orc warlord
 29455 | Orc:2    | Found a roughly hewn altar of Beogh.
 29537 | Orc:2    | Found Joxky's Book Boutique.
 29561 | Orc:2    | Found Pobuikiph's General Store.
 29568 | Orc:2    | Bought a scroll of enchant armour for 75 gold pieces
 29577 | Orc:2    | Found Qystrico's Antique Weapon Boutique.
 29614 | Orc:2    | Found Piahang's Antique Armour Boutique.
 31413 | D:12     | You fall through a shaft!
 31595 | D:12     | Learned a level 2 spell: Blink
 31705 | D:12     | You fall through a shaft for 3 floors!
 31705 | D:15     | Entered Level 15 of the Dungeon
 31757 | D:15     | Found a white marble altar of Elyvilon.
 31823 | D:14     | Found a frozen archway.
 31882 | IceCv    | Entered an ice cave
 32892 | IceCv    | Reached XP level 14. HP: 69/115 MP: 2/27
 32912 | IceCv    | Reached skill level 10 in Spellcasting
 33020 | IceCv    | Noticed a frost giant
 33037 | IceCv    | Reached skill level 1 in Fire Magic
 33639 | IceCv    | Killed a frost giant
 34461 | D:12     | Reached skill level 5 in Evocations
 35607 | D:13     | Offered knowledge of Bolt of Draining by Vehumet.
 35894 | D:13     | Found a gate to the Vaults.
 35946 | D:13     | Reached skill level 10 in Fighting
 37481 | D:14     | Learned a level 6 spell: Freezing Cloud
 38367 | D:15     | Reached skill level 1 in Air Magic
 39015 | D:15     | Reached XP level 15. HP: 126/126 MP: 23/29
 39069 | D:15     | Offered knowledge of Iron Shot by Vehumet.
 39084 | D:15     | Learned a level 6 spell: Iron Shot
 39430 | D:15     | Found a staircase to the Depths.
 40042 | Lair:2   | Reached skill level 1 in Earth Magic
 40513 | Lair:6   | Entered Level 6 of the Lair of Beasts
 41487 | Lair:6   | Reached skill level 1 in Ice Magic
 42176 | Lair:6   | Noticed Josephine
 43443 | Lair:6   | Noticed Snorg
 43481 | Lair:6   | Killed Snorg
 43829 | Lair:6   | Killed Josephine
 44289 | Lair:6   | Found a large runed door.
 44366 | Lair:6   | Found a large runed door.
 44850 | Lair:6   | Offered knowledge of Lee's Rapid Deconstruction by Vehumet.
 44972 | Swamp:1  | Entered Level 1 of the Swamp
 45866 | Swamp:1  | You fall through a shaft!
 46509 | Swamp:1  | Noticed a thorn hunter
 46534 | Swamp:1  | Killed a thorn hunter
 46534 | Swamp:1  | HP: 5/198 [bog body/bolt of cold (29)]
 47400 | Swamp:2  | Reached XP level 16. HP: 139/139 MP: 14/31
 48972 | Swamp:2  | Noticed a thorn hunter
 48977 | Swamp:2  | Killed a thorn hunter
 49512 | Swamp:3  | Offered knowledge of Bolt of Cold by Vehumet.
 49512 | Swamp:3  | Reached skill level 5 in Fire Magic
 49775 | Swamp:3  | Found a shimmering altar of Xom.
 49935 | Swamp:3  | Noticed Donald
 50825 | Swamp:3  | Killed Donald
 51131 | Swamp:3  | Paralysed by a hornet for 3 turns
 51777 | Snake:1  | Entered Level 1 of the Snake Pit
 52058 | Snake:1  | Killed from afar by a nagaraja

Vault maps used:
D:1:      onia_arrival_larder, minmay_misc_feat_diagonals,
          minmay_misc_feat_four_crosses
D:2:      first_ration, serial_park_tiny_2, kennysheep_jessica_study
D:3:      lemuel_round_altar, uniq_robin
D:4:      trog_three_pillars_becter
D:5:      nicolae_ru_awakened_eye, minivault_14, uniq_duvessa
D:6:      uniq_eustachio
D:7:      minmay_overflow_temple_star_quad, minmay_temple_entry_oklob,
          uniq_menkaure
D:8:      lemuel_doored_altar, serial_shops, shop
D:9:      minmay_separated_statues, yredelemnul_altar_generic,
          nicolae_overflow_crystal_walls, dpeg_oklobed_lair, orc_0_dummy,
          serial_shops, nicolae_shop_behind_doors
D:10:     serial_ice, serial_ice_e, serial_ice_c, serial_ice_h, serial_ice_b
D:13:     lightli_vaults_fourway_checkpoint
D:14:     nicolae_wwwww, portal_ice_cave_entry_imps
D:15:     gammafunk_enter_depths_forms, abandoned_shop, st_stairs_14,
          spider_trap, lemuel_oklob_altar
Temple:   eino_temple_water
Lair:1:   eino_small_chamber_without_monster
Lair:3:   minmay_swamp_entry_worms, guppyfry_snake_entry_island,
          minmay_lair_oklob_chamber, infiniplex_staircase_pool_2,
          grunt_megastairs_5
Lair:4:   grunt_megastairs_4, lemuel_fruit_tree, serial_bayou_shore_b
Lair:5:   nicolae_slime_entry_slimehenge
Lair:6:   cheibrodos_lair_end_hotspot, uniq_snorg, uniq_josephine
Swamp:1:  evilmike_swamp_ruin_house_5, infiniplex_staircase_pool
Swamp:2:  evilmike_swamp_ruin_house_3, swamp_pool2
Swamp:3:  evilmike_swamp_ruin_house_4, nicolae_swamp_godswood, uniq_donald
Orc:1:    basic_altar, uniq_urug, uniq_erolcha, uniq_gastronok, uniq_maurice
Orc:2:    grunt_orc_cross, basic_altar
IceCv:    ice_cave_caverns_01

Skill      XL: |  1  2  3  4  5  6  7  8  9 10 11 12 13 14 15 16 |
---------------+-------------------------------------------------+-----
Conjurations   | 5 6 7 8 10 12 14 | 14.9
Spellcasting   | 6 8 9 10 11 12 | 12.0
Fighting       | 4 6 8 10 12 | 12.0
Dodging        | 6 8 |  8.0
Stealth        | 4 |  4.3
Shields        | 2 4 |  4.0
Evocations     | 4 6 |  6.2
Short Blades   | 4 11 14 | 14.0
Fire Magic     | 4 6 |  6.1
Air Magic      | 4 |  4.0
Earth Magic    | 4 |  4.0
Ice Magic      | 4 |  4.0

Action                   |  1- 3 |  4- 6 |  7- 9 | 10-12 | 13-15 | 16-18 || total
-------------------------+-------+-------+-------+-------+-------+-------++-------
Melee: Dagger            |    47 |    31 |    98 |       |       |       ||   176
       Unarmed           |     2 |       |       |       |       |       ||     2
       Tailslap          |     4 |     1 |     5 |    18 |   191 |    43 ||   262
       Short sword       |       |       |       |    26 |       |       ||    26
       Cutlass           |       |       |       |   177 |  1767 |   372 ||  2316
       Staff             |       |       |       |       |       |     6 ||     6
Throw: Tomahawk          |     2 |     3 |     8 |       |       |       ||    13
       Throwing net      |       |       |     1 |       |       |       ||     1
       Javelin           |       |       |       |     2 |     5 |       ||     7
 Cast: Magic Dart        |    56 |    30 |    69 |    79 |    76 |     2 ||   312
       Searing Ray       |     6 |    20 |   103 |   144 |    67 |     9 ||   349
       Iskenderun's Myst |       |       |     3 |    11 |       |       ||    14
       Conjure Flame     |       |       |       |    36 |   106 |     9 ||   151
       Fireball          |       |       |       |    16 |   142 |    49 ||   207
       Lightning Bolt    |       |       |       |     3 |    31 |     1 ||    35
       Fulminant Prism   |       |       |       |     1 |       |       ||     1
       Mephitic Cloud    |       |       |       |       |     1 |       ||     1
       Freezing Cloud    |       |       |       |       |     4 |     2 ||     6
       Iron Shot         |       |       |       |       |     1 |       ||     1
 Abil: Breathe Steam     |       |       |     4 |    20 |    14 |       ||    38
Evoke: Wand              |       |       |    12 |     6 |     9 |     2 ||    29
       Fan of gales      |       |       |       |     1 |       |       ||     1
  Use: Potion            |       |       |     8 |     3 |     9 |     4 ||    24
       Scroll            |       |       |     2 |    30 |    16 |     4 ||    52
 Stab: Sleeping          |     2 |       |       |     1 |     3 |     1 ||     7
       Distracted        |       |       |       |       |     2 |       ||     2
       Confused          |       |       |       |       |     1 |       ||     1
  Eat: Chunk             |     7 |    10 |    16 |    26 |    56 |     5 ||   120
       Ration            |       |     1 |     3 |     6 |    14 |     5 ||    29
Armor: Skin              |    29 |    24 |   108 |    94 |   286 |    67 ||   608
Dodge: Dodged            |    39 |    46 |   151 |   216 |   488 |   142 ||  1082
Block: Buckler           |       |       |       |    19 |   155 |    39 ||   213

Table legend:
 A = Spawn XP
 B = Non-spawn XP
 C = Spawn XP percentage of total XP
 D = Spawn monster count
 E = Non-spawn monster count
 F = Spawn count percentage of total count
 G = Total turns spent on level
                    A         B        C        D         E        F      G
               +---------+---------+-------+---------+---------+-------+---------
         Total |       0 |  184444 |   0.0 |       0 |     850 |   0.0 | 52058
               +---------+---------+-------+---------+---------+-------+---------
           D:1 |       0 |      29 |   0.0 |       0 |      19 |   0.0 |  1220
           D:2 |       0 |     102 |   0.0 |       0 |      19 |   0.0 |  1660
           D:3 |       0 |     178 |   0.0 |       0 |      32 |   0.0 |  1726
           D:4 |       0 |     420 |   0.0 |       0 |      18 |   0.0 |  1866
           D:5 |       0 |    1027 |   0.0 |       0 |      29 |   0.0 |  1701
           D:6 |       0 |    1105 |   0.0 |       0 |      26 |   0.0 |  1800
           D:7 |       0 |     512 |   0.0 |       0 |      13 |   0.0 |  1157
           D:8 |       0 |    1299 |   0.0 |       0 |      25 |   0.0 |  1282
           D:9 |       0 |    4536 |   0.0 |       0 |      47 |   0.0 |  3304
          D:10 |       0 |    2452 |   0.0 |       0 |      31 |   0.0 |  1877
          D:11 |       0 |    1931 |   0.0 |       0 |      21 |   0.0 |  1331
          D:12 |       0 |    6451 |   0.0 |       0 |      22 |   0.0 |  1091
          D:13 |       0 |   11966 |   0.0 |       0 |      40 |   0.0 |  1983
          D:14 |       0 |    8074 |   0.0 |       0 |      37 |   0.0 |  1572
          D:15 |       0 |   18136 |   0.0 |       0 |      38 |   0.0 |  1543
        Lair:1 |       0 |    6962 |   0.0 |       0 |      28 |   0.0 |  1844
        Lair:2 |       0 |    3816 |   0.0 |       0 |       9 |   0.0 |  1227
        Lair:3 |       0 |    4553 |   0.0 |       0 |      17 |   0.0 |  2483
        Lair:4 |       0 |    7173 |   0.0 |       0 |      30 |   0.0 |  1755
        Lair:5 |       0 |   10486 |   0.0 |       0 |      40 |   0.0 |  2738
        Lair:6 |       0 |   25996 |   0.0 |       0 |      67 |   0.0 |  3325
       Swamp:1 |       0 |    8105 |   0.0 |       0 |      21 |   0.0 |  1606
       Swamp:2 |       0 |   12139 |   0.0 |       0 |      25 |   0.0 |  2824
       Swamp:3 |       0 |   16841 |   0.0 |       0 |      44 |   0.0 |  1650
       Snake:1 |       0 |    4056 |   0.0 |       0 |       7 |   0.0 |   281
         Orc:1 |       0 |    1685 |   0.0 |       0 |      17 |   0.0 |   885
         Orc:2 |       0 |   10421 |   0.0 |       0 |      74 |   0.0 |  3767
         IceCv |       0 |   13993 |   0.0 |       0 |      54 |   0.0 |  2308
               +---------+---------+-------+---------+---------+-------+---------
